[ AOE2 MATCH · #505075089 ]
UnrankedArmenians vs Wei
Player's team · LOSS
Rival team · WIN
[ REPLAY ANALYSIS · EXTRACTED FROM THE RECORDED GAME ]
Feudal
11:46
Castle
15:45
Imperial
—
| APM avg | 34.7 |
| APM peak | 58 |
| eAPM avg | 22.9 |
| Villagers / military | 96 / 106 |
Focus
⚔️ 45.0% · 🌾 55.0%
Warrior Priest ×48 · Spearman ×42 · Battering Ram ×16 · Unknown (1105) ×2
Feudal
10:06
Castle
17:46
Imperial
30:54
| APM avg | 65.4 |
| APM peak | 101 |
| eAPM avg | 30.5 |
| Villagers / military | 134 / 14 |
Focus
⚔️ 34.6% · 🌾 65.4%
Unknown (1952) ×28 · Scout Cavalry ×9 · Monk ×4 · Unknown (1949) ×2 · Mangonel ×1
Match map
Initial resources + every placement click. Lines = walls · curves = elevation contours. ◆ gold · ⬟ stone · ● berries · ✦ relic · ◌ wall gap
Your base· ✓ Closed at 15:45 · 0t walls · 3 gate(s)
DGHIR | chanchilaru's base· ✓ Closed at 17:46 · 11t walls · 4 gate(s)
Smoothed initial terrain · ◌ = detected wall gap · hover for details
Inputs per minute
— MatzeAoE - - DGHIR | chanchilaru
Build order — MatzeAoE
First 150 of 263 actions detected
| 0:01 | Create | Villager (Male) |
| 0:01 | Create | Villager (Male) |
| 0:02 | Build | House |
| 0:04 | Build | House |
| 0:14 | Create | Villager (Male) |
| 0:15 | Create | Villager (Male) |
| 1:30 | Create | Villager (Male) |
| 1:31 | Create | Villager (Male) |
| 2:00 | Create | Villager (Male) |
| 2:06 | Create | Villager (Male) |
| 2:34 | Create | Villager (Male) |
| 2:35 | Create | Villager (Male) |
| 2:50 | Create | Villager (Male) |
| 2:50 | Create | Villager (Male) |
| 3:30 | Create | Villager (Male) |
| 3:31 | Create | Villager (Male) |
| 3:37 | Create | Villager (Male) |
| 3:37 | Create | Villager (Male) |
| 3:47 | Build | Mule Cart |
| 3:50 | Build | House |
| 4:02 | Build | House |
| 4:07 | Create | Villager (Male) |
| 4:10 | Create | Villager (Male) |
| 4:35 | Create | Villager (Male) |
| 4:55 | Build | House |
| 4:58 | Create | Villager (Male) |
| 4:58 | Create | Villager (Male) |
| 5:17 | Create | Villager (Male) |
| 5:21 | Create | Villager (Male) |
| 5:37 | Create | Villager (Male) |
| 5:54 | Build | Mill |
| 6:25 | Research | Loom |
| 6:35 | Create | Villager (Male) |
| 6:41 | Create | Villager (Male) |
| 7:05 | Create | Villager (Male) |
| 7:11 | Create | Villager (Male) |
| 7:20 | Create | Villager (Male) |
| 7:30 | Build | Palisade Gate |
| 7:33 | Create | Villager (Male) |
| 7:40 | Create | Villager (Male) |
| 7:54 | Create | Villager (Male) |
| 7:58 | Create | Villager (Male) |
| 8:06 | Create | Villager (Male) |
| 8:14 | Build | Mill |
| 8:38 | Create | Villager (Male) |
| 8:47 | Create | Villager (Male) |
| 9:33 | Research | Feudal Age |
| 10:23 | Create | Villager (Male) |
| 11:46 | Age | Feudal Age |
| 11:54 | Build | Market |
| 12:00 | Create | Villager (Male) |
| 12:09 | Build | Blacksmith |
| 12:33 | Create | Villager (Male) |
| 13:05 | Research | Castle Age |
| 13:06 | Research | Castle Age |
| 13:52 | Build | Mule Cart |
| 14:10 | Research | Double-Bit Axe |
| 14:15 | Build | Mule Cart |
| 15:15 | Research | Horse Collar |
| 15:28 | Build | Farm |
| 15:28 | Build | Farm |
| 15:29 | Build | Farm |
| 15:31 | Create | Villager (Male) |
| 15:45 | Age | Castle Age |
| 15:49 | Build | Town Center |
| 15:54 | Research | Bow Saw |
| 15:54 | Research | Bow Saw |
| 15:55 | Create | Villager (Male) |
| 16:23 | Create | Villager (Male) |
| 16:27 | Build | Farm |
| 16:39 | Build | House |
| 16:45 | Create | Villager (Male) |
| 16:50 | Build | Monastery |
| 16:58 | Create | Villager (Male) |
| 16:59 | Build | Farm |
| 17:02 | Build | Farm |
| 17:08 | Create | Villager (Male) |
| 17:11 | Build | Monastery |
| 17:13 | Create | Villager (Male) |
| 17:35 | Build | Farm |
| 17:36 | Build | Farm |
| 17:38 | Build | Farm |
| 17:41 | Build | Farm |
| 17:41 | Create | Villager (Male) |
| 17:55 | Create | Warrior Priest |
| 18:05 | Create | Villager (Male) |
| 18:09 | Build | Monastery |
| 18:09 | Create | Villager (Male) |
| 18:16 | Build | Monastery |
| 18:19 | Build | Palisade Wall |
| 18:20 | Build | Palisade Wall |
| 18:23 | Build | Palisade Wall |
| 18:24 | Build | Palisade Wall |
| 18:27 | Create | Villager (Male) |
| 18:36 | Create | Villager (Male) |
| 18:53 | Create | Villager (Male) |
| 18:54 | Create | Villager (Male) |
| 18:57 | Build | Farm |
| 18:59 | Build | Farm |
| 18:59 | Build | Farm |
| 19:00 | Build | Farm |
| 19:02 | Build | Farm |
| 19:03 | Build | Farm |
| 19:08 | Build | Town Center |
| 19:16 | Build | House |
| 19:17 | Build | House |
| 19:34 | Research | Wheelbarrow |
| 19:36 | Build | Farm |
| 19:37 | Build | Farm |
| 19:39 | Build | Farm |
| 19:42 | Create | Villager (Male) |
| 20:02 | Create | Villager (Male) |
| 20:08 | Create | Villager (Male) |
| 20:14 | Create | Villager (Male) |
| 20:16 | Build | Siege Workshop |
| 20:19 | Create | Warrior Priest |
| 20:24 | Build | Farm |
| 20:25 | Build | Farm |
| 20:26 | Build | Farm |
| 20:34 | Create | Villager (Male) |
| 20:48 | Research | Fervor |
| 20:51 | Research | Sanctity |
| 20:51 | Research | Sanctity |
| 20:53 | Create | Villager (Male) |
| 20:56 | Create | Battering Ram |
| 20:59 | Build | House |
| 21:02 | Create | Villager (Male) |
| 21:17 | Create | Villager (Male) |
| 21:19 | Build | Barracks |
| 21:28 | Create | Warrior Priest |
| 21:28 | Create | Villager (Male) |
| 21:31 | Build | Monastery |
| 21:35 | Create | Battering Ram |
| 21:38 | Create | Villager (Male) |
| 21:44 | Build | Farm |
| 21:44 | Create | Villager (Male) |
| 21:47 | Create | Villager (Male) |
| 21:53 | Create | Villager (Male) |
| 21:58 | Create | Villager (Male) |
| 22:12 | Research | Pikeman (upgrade) |
| 22:14 | Create | Spearman |
| 22:19 | Build | Farm |
| 22:24 | Build | Farm |
| 22:24 | Build | Farm |
| 22:27 | Build | Farm |
| 22:29 | Create | Villager (Male) |
| 22:33 | Create | Warrior Priest |
| 22:33 | Create | Warrior Priest |
| 22:34 | Create | Villager (Male) |
| 22:36 | Create | Villager (Male) |
Build order — DGHIR | chanchilaru
First 150 of 323 actions detected
| 0:00 | Create | Villager (Male) |
| 0:00 | Create | Villager (Male) |
| 0:00 | Create | Villager (Male) |
| 0:01 | Create | Villager (Male) |
| 0:02 | Build | House |
| 0:04 | Build | House |
| 1:27 | Create | Villager (Male) |
| 1:27 | Create | Villager (Male) |
| 1:48 | Build | Lumber Camp |
| 1:51 | Create | Villager (Male) |
| 1:52 | Create | Villager (Male) |
| 2:02 | Create | Villager (Male) |
| 2:02 | Create | Villager (Male) |
| 2:24 | Create | Villager (Male) |
| 2:25 | Create | Villager (Male) |
| 2:44 | Create | Villager (Male) |
| 2:44 | Create | Villager (Male) |
| 3:17 | Create | Villager (Male) |
| 3:17 | Create | Villager (Male) |
| 3:49 | Build | House |
| 3:49 | Build | House |
| 3:50 | Build | House |
| 3:55 | Create | Villager (Male) |
| 3:55 | Create | Villager (Male) |
| 4:04 | Create | Villager (Male) |
| 4:04 | Create | Villager (Male) |
| 4:53 | Create | Villager (Male) |
| 4:53 | Create | Villager (Male) |
| 4:57 | Build | Mill |
| 6:04 | Create | Villager (Male) |
| 6:04 | Create | Villager (Male) |
| 6:19 | Create | Villager (Male) |
| 6:22 | Build | Farm |
| 6:24 | Build | Farm |
| 6:40 | Build | Palisade Gate |
| 6:51 | Create | Villager (Male) |
| 6:51 | Create | Villager (Male) |
| 7:05 | Research | Loom |
| 7:26 | Create | Villager (Male) |
| 7:26 | Create | Villager (Male) |
| 7:56 | Research | Feudal Age |
| 8:01 | Build | Palisade Wall |
| 8:20 | Create | Villager (Male) |
| 8:20 | Create | Villager (Male) |
| 8:29 | Build | Palisade Gate |
| 8:37 | Create | Villager (Male) |
| 8:37 | Create | Villager (Male) |
| 8:53 | Create | Villager (Male) |
| 9:21 | Build | Palisade Wall |
| 9:28 | Build | Palisade Wall |
| 9:31 | Create | Villager (Male) |
| 9:38 | Build | Mining Camp |
| 9:50 | Build | Barracks |
| 10:06 | Age | Feudal Age |
| 10:08 | Create | Villager (Male) |
| 10:10 | Research | Double-Bit Axe |
| 10:13 | Research | Horse Collar |
| 10:13 | Research | Horse Collar |
| 10:38 | Create | Villager (Male) |
| 11:00 | Create | Villager (Male) |
| 11:22 | Create | Villager (Male) |
| 11:29 | Build | Stable |
| 11:42 | Build | House |
| 12:28 | Build | Blacksmith |
| 12:39 | Build | House |
| 12:58 | Create | Villager (Male) |
| 12:59 | Build | Farm |
| 13:00 | Build | Farm |
| 13:02 | Build | Farm |
| 13:06 | Build | Farm |
| 13:06 | Create | Villager (Male) |
| 13:25 | Build | Farm |
| 13:28 | Build | Farm |
| 13:30 | Create | Villager (Male) |
| 13:43 | Build | Outpost |
| 13:52 | Build | Farm |
| 13:53 | Create | Villager (Male) |
| 14:00 | Build | House |
| 14:15 | Research | Town Watch |
| 14:15 | Research | Town Watch |
| 14:22 | Build | House |
| 14:30 | Build | Outpost |
| 14:36 | Create | Villager (Male) |
| 14:45 | Build | House |
| 14:58 | Build | Mining Camp |
| 15:05 | Research | Castle Age |
| 15:05 | Research | Castle Age |
| 15:09 | Build | Outpost |
| 15:12 | Build | Palisade Wall |
| 15:17 | Build | Palisade Wall |
| 15:31 | Create | Villager (Male) |
| 15:35 | Create | Scout Cavalry |
| 15:35 | Create | Scout Cavalry |
| 15:47 | Build | Lumber Camp |
| 15:49 | Create | Scout Cavalry |
| 15:49 | Create | Scout Cavalry |
| 16:02 | Create | Scout Cavalry |
| 16:11 | Build | Outpost |
| 16:21 | Create | Scout Cavalry |
| 16:28 | Build | House |
| 16:49 | Build | Outpost |
| 16:51 | Create | Villager (Male) |
| 17:01 | Build | Farm |
| 17:04 | Build | Farm |
| 17:07 | Research | Gold Mining |
| 17:10 | Build | Outpost |
| 17:22 | Build | Stone Wall |
| 17:27 | Create | Villager (Male) |
| 17:28 | Create | Villager (Male) |
| 17:37 | Create | Villager (Male) |
| 17:40 | Build | Stone Wall |
| 17:46 | Age | Castle Age |
| 17:46 | Create | Scout Cavalry |
| 17:47 | Create | Scout Cavalry |
| 17:51 | Build | Town Center |
| 18:01 | Build | Market |
| 18:19 | Create | Villager (Male) |
| 18:21 | Create | Villager (Male) |
| 18:21 | Create | Villager (Male) |
| 19:03 | Create | Villager (Male) |
| 19:03 | Create | Villager (Male) |
| 19:16 | Build | Palisade Gate |
| 19:20 | Create | Villager (Male) |
| 19:21 | Create | Villager (Male) |
| 19:21 | Create | Villager (Male) |
| 19:25 | Build | Town Center |
| 19:35 | Build | Monastery |
| 19:43 | Create | Villager (Male) |
| 19:43 | Create | Villager (Male) |
| 19:51 | Research | Wheelbarrow |
| 19:51 | Research | Wheelbarrow |
| 20:00 | Build | House |
| 20:06 | Create | Villager (Male) |
| 20:06 | Create | Villager (Male) |
| 20:07 | Build | Outpost |
| 20:22 | Research | Light Cavalry (upgrade) |
| 20:25 | Create | Monk |
| 20:27 | Build | House |
| 20:27 | Build | House |
| 20:37 | Research | Scale Barding Armor |
| 20:37 | Research | Scale Barding Armor |
| 20:46 | Build | Farm |
| 20:49 | Build | Farm |
| 20:52 | Build | Farm |
| 20:54 | Build | Farm |
| 20:56 | Build | Farm |
| 20:56 | Create | Villager (Male) |
| 20:57 | Create | Villager (Male) |
| 20:57 | Create | Villager (Male) |
| 21:15 | Build | House |
Match timeline
| 8:01 | DGHIR | chanchilaru · wall_segment Palisade Wall x5 |
| 9:21 | DGHIR | chanchilaru · wall_segment Palisade Wall x1 |
| 9:28 | DGHIR | chanchilaru · wall_segment Palisade Wall x1 |
| 9:50 | DGHIR | chanchilaru · first_building Barracks |
| 10:06 | DGHIR | chanchilaru · age_up feudal |
| 11:29 | DGHIR | chanchilaru · first_building Stable |
| 11:46 | MatzeAoE · age_up feudal |
| 15:12 | DGHIR | chanchilaru · wall_segment Palisade Wall x1 |
| 15:17 | DGHIR | chanchilaru · wall_segment Palisade Wall x1 |
| 15:45 | MatzeAoE · age_up castle |
| 16:50 | MatzeAoE · first_building Monastery |
| 17:22 | DGHIR | chanchilaru · wall_segment Stone Wall x1 |
| 17:40 | DGHIR | chanchilaru · wall_segment Stone Wall x1 |
| 17:46 | DGHIR | chanchilaru · age_up castle |
| 18:19 | MatzeAoE · wall_segment Palisade Wall x1 |
| 18:20 | MatzeAoE · wall_segment Palisade Wall x1 |
| 18:23 | MatzeAoE · wall_segment Palisade Wall x1 |
| 18:24 | MatzeAoE · wall_segment Palisade Wall x1 |
| 19:23 | DGHIR | chanchilaru · first_market_buy 100 stone |
| 19:35 | DGHIR | chanchilaru · first_building Monastery |
| 20:16 | MatzeAoE · first_building Siege Workshop |
| 20:47 | MatzeAoE · first_market_buy 100 food |
| 21:19 | MatzeAoE · first_building Barracks |
| 22:52 | MatzeAoE · first_market_sell 100 wood |
| 25:44 | DGHIR | chanchilaru · first_building Castle |
| 27:51 | DGHIR | chanchilaru · wall_segment Stone Wall x1 |
| 28:09 | DGHIR | chanchilaru · wall_segment Stone Wall x1 |
| 29:09 | DGHIR | chanchilaru · first_building Archery Range |
| 29:37 | DGHIR | chanchilaru · wall_segment Stone Wall x10 |
| 29:39 | DGHIR | chanchilaru · first_building Siege Workshop |
| 29:55 | DGHIR | chanchilaru · wall_segment Stone Wall x1 |
| 30:03 | DGHIR | chanchilaru · first_market_sell 100 food |
| 30:54 | DGHIR | chanchilaru · age_up imperial |
| 30:56 | DGHIR | chanchilaru · wall_segment Stone Wall x1 |
| 31:07 | DGHIR | chanchilaru · wall_segment Stone Wall x1 |
| 33:23 | MatzeAoE · resign |
[ AI ANALYSIS · 1 CREDIT ]
What really happened in this match?
Wolo.gg analyzes every decision: build order, eco, micro, common mistakes by bracket. Personalized analysis on WhatsApp or Discord in 30 seconds.
Civ guide
Armenians
Perfil
Jugador #25940851